 Dungeon Crawl Stone Soup version 0.24.0-125-gc4c63601f3 (webtiles) character file.

Game seed: 15973011228299778097, levelgen mode: deterministic

106 Amplified the Ducker (level 4, -6/38 HPs)
             Began as a Gnoll Gladiator on Mar 14, 2020.
             Mangled by a hornet (13 damage)
             ... while paralysed by a hornet
             ... on level 3 of the Dungeon.
             The game lasted 00:02:49 (1867 turns).

Amplified the Ducker (Gnoll Gladiator)              Turns: 1867, Time: 00:02:49

Health: -6/38      AC:  6    Str: 16    XL:     4   Next: 84%
Magic:  5/5        EV:  2    Int: 12    God:
Gold:   114        SH:  0    Dex: 16    Spells: 5/5 levels left

rFire    . . .     SeeInvis .   a - +0 trident
rCold    . . .     Gourm    .   (no shield)
rNeg     . . .     Faith    .   o - +0 ring mail
rPois    .         Spirit   .   c - +0 helmet
rElec    .         Reflect  .   (no cloak)
rCorr    .         Harm     .   (no gloves)
MR       .....                  (no boots)
Stlth    +.........             m - amulet of rage
HPRegen  0.12/turn              k - +5 ring of evasion
MPRegen  0.09/turn              (no ring)

@: paralysed, lethally poisoned (-6 -> -11), slowed
A: distributed training, fangs 1, strong nose
a: Evoke Berserk Rage


You were on level 3 of the Dungeon.
You were not hungry.

You visited 1 branch of the dungeon, and saw 3 of its levels.

You collected 114 gold pieces.

Inventory:

Hand Weapons
 a - a +0 trident (weapon)
Missiles
 d - 3 throwing nets (quivered)
 e - 93 stones
 h - 22 poisoned darts
Armour
 c - a +0 helmet (worn)
 o - a +0 ring mail (worn)
Jewellery
 b - an uncursed amulet of the gourmand {unknown}
 k - a +5 ring of evasion (left hand)
 m - an amulet of rage (around neck)
Scrolls
 g - 6 scrolls of remove curse
 j - a scroll of fear
 l - a scroll of teleportation
Potions
 i - a potion of might
 n - a potion of mutation
 p - 2 potions of curing
Comestibles
 f - 5 rations


   Skills:
 + Level 4.7 Fighting
 + Level 1.2 Short Blades
 + Level 1.2 Long Blades
 + Level 1.2 Axes
 + Level 1.2 Maces & Flails
 + Level 6.6 Polearms
 + Level 1.2 Staves
 + Level 1.2 Slings
 + Level 1.2 Bows
 + Level 1.2 Crossbows
 + Level 4.7 Throwing
 + Level 1.2 Armour
 + Level 6.6 Dodging
 + Level 1.2 Stealth
 + Level 1.2 Shields
 + Level 1.2 Unarmed Combat
 + Level 1.2 Spellcasting
 + Level 1.0 Conjurations
 + Level 1.0 Hexes
 + Level 1.0 Charms
 + Level 1.0 Summonings
 + Level 1.0 Necromancy
 + Level 1.0 Translocations
 + Level 1.0 Transmutations
 + Level 1.0 Fire Magic
 + Level 1.0 Ice Magic
 + Level 1.0 Air Magic
 + Level 1.0 Earth Magic
 + Level 1.0 Poison Magic
 + Level 1.3 Invocations
 + Level 1.2 Evocations


You had 5 spell levels left.
You didn't know any spells.
Your spell library was empty.

Dungeon Overview and Level Annotations

Branches:
Dungeon (3/15)

Altars:


Innate Abilities, Weirdness & Mutations

Your experience applies equally to all skills.
You have very sharp teeth.
Your uncanny sense of smell can sniff out nearby items.


Message History

There is a stone staircase leading down here.
A hornet comes into view.
You hit the hornet but do no damage.
The hornet stings you but does no damage.
A hornet is nearby!
A hornet is nearby!
You hit the hornet.
The hornet is lightly wounded.
The hornet barely misses you. The hornet stings you!
You are poisoned.
You feel yourself slow down.
You closely miss the hornet.
The hornet is lightly wounded.
You feel sick. The hornet stings you!
* * * LOW HITPOINT WARNING * * *
You suddenly lose the ability to move!
The hornet stings you.
* * * LOW HITPOINT WARNING * * *
You feel as though you will be slow longer.
You feel sick. The hornet stings you!
You die...

#########
#.@y....#
#.#####.#
####.#
#....#
#.##.#
#.##.#
#.##..
#.#####
#.#


You could see a hornet.

Vanquished Creatures
  3 adders (D:2)
  A worm (D:3)
  A dart slug (D:2)
  An orc (D:3)
  A ball python (D:1)
  4 giant cockroaches
  5 hobgoblins
  11 jackals
  3 quokkas (D:2)
  10 bats
  7 frilled lizards
  4 goblins
  12 kobolds
  10 rats
73 creatures vanquished.

Notes
Turn   | Place    | Note
-------+----------+-------------------------------------------
     0 | D:1      | Amplified the Gnoll Gladiator began the quest for the Orb.
     0 | D:1      | Reached XP level 1. HP: 20/20 MP: 1/1
   108 | D:1      | Reached XP level 2. HP: 22/26 MP: 2/2
   395 | D:1      | Reached XP level 3. HP: 29/31 MP: 3/3
   930 | D:2      | Reached skill level 1 in Invocations
  1006 | D:2      | Reached skill level 1 in Short Blades
  1006 | D:2      | Reached skill level 1 in Long Blades
  1006 | D:2      | Reached skill level 1 in Axes
  1006 | D:2      | Reached skill level 1 in Maces & Flails
  1006 | D:2      | Reached skill level 1 in Staves
  1006 | D:2      | Reached skill level 1 in Slings
  1006 | D:2      | Reached skill level 1 in Bows
  1006 | D:2      | Reached skill level 1 in Crossbows
  1006 | D:2      | Reached skill level 1 in Armour
  1006 | D:2      | Reached skill level 1 in Stealth
  1006 | D:2      | Reached skill level 1 in Shields
  1006 | D:2      | Reached skill level 1 in Unarmed Combat
  1006 | D:2      | Reached skill level 1 in Spellcasting
  1006 | D:2      | Reached skill level 1 in Evocations
  1105 | D:2      | Reached XP level 4. HP: 38/38 MP: 5/5
  1528 | D:2      | Reached skill level 1 in Conjurations
  1528 | D:2      | Reached skill level 1 in Hexes
  1528 | D:2      | Reached skill level 1 in Charms
  1528 | D:2      | Reached skill level 1 in Summonings
  1528 | D:2      | Reached skill level 1 in Necromancy
  1528 | D:2      | Reached skill level 1 in Translocations
  1528 | D:2      | Reached skill level 1 in Transmutations
  1528 | D:2      | Reached skill level 1 in Fire Magic
  1528 | D:2      | Reached skill level 1 in Ice Magic
  1528 | D:2      | Reached skill level 1 in Air Magic
  1528 | D:2      | Reached skill level 1 in Earth Magic
  1528 | D:2      | Reached skill level 1 in Poison Magic
  1862 | D:3      | Noticed a hornet
  1866 | D:3      | Paralysed by a hornet for 2 turns
  1867 | D:3      | Mangled by a hornet

Levels and vault maps discovered:
D:1:      lightli_arrival_windingriver, layout_basic, st_stairs_3
D:2:      layout_loops_ring, minmay_misc_feat_tower, kennysheep_crisscross,
          serial_bayou_lake_a
D:3:      layout_loops_ring, first_ration, grunt_qazlal_sundering

Skill      XL: |  1  2  3  4 |
---------------+-------------+-----
Invocations    | 1 |  1.3
Short Blades   | 1 |  1.2
Long Blades    | 1 |  1.2
Axes           | 1 |  1.2
Maces & Flails | 1 |  1.2
Staves         | 1 |  1.2
Slings         | 1 |  1.2
Bows           | 1 |  1.2
Crossbows      | 1 |  1.2
Armour         | 1 |  1.2
Stealth        | 1 |  1.2
Shields        | 1 |  1.2
Unarmed Combat | 1 |  1.2
Spellcasting   | 1 |  1.2
Evocations     | 1 |  1.2
Conjurations   | 1 |  1.0
Hexes          | 1 |  1.0
Charms         | 1 |  1.0
Summonings     | 1 |  1.0
Necromancy     | 1 |  1.0
Translocations | 1 |  1.0
Transmutations | 1 |  1.0
Fire Magic     | 1 |  1.0
Ice Magic      | 1 |  1.0
Air Magic      | 1 |  1.0
Earth Magic    | 1 |  1.0
Poison Magic   | 1 |  1.0
Fighting       | |  4.7
Polearms       | |  6.6
Throwing       | |  4.7
Dodging        | |  6.6

Action                   |  1- 3 |  4- 6 || total
-------------------------+-------+-------++-------
Melee: Trident           |   114 |    83 ||   197
       Bite              |     4 |     7 ||    11
  Use: Scroll            |     5 |     2 ||     7
       Potion            |     1 |       ||     1
 Stab: Sleeping          |     2 |     1 ||     3
  Eat: Chunk             |       |     3 ||     3
Armor: Leather armour    |     9 |       ||     9
       Ring mail         |    12 |     5 ||    17
Dodge: Dodged            |    76 |    51 ||   127
